 Dungeon Sprint DCSS version 0.19-a0-895-gdbd5520 (webtiles) character file.

95 LORDOFBUTT the Ducker (level 4, 0/37 HPs)
             Began as a Demonspawn Gladiator on July 4, 2016.
             Was an Initiate of Gozag.
             Slain by a hill giant
             ... wielding a cursed -2 giant spiked club
              (31 damage)
             ... in the Dungeon (Sprint IX: "|||||||||||||||||||||||||||||").
             The game lasted 00:00:50 (310 turns).

LORDOFBUTT the Ducker (Demonspawn Gladiator)         Turns: 310, Time: 00:00:52

Health: 0/37       AC: 18    Str: 19    XL:     4   Next: 39%
Magic:  4/4        EV: 10    Int: 12    God:    Gozag
Gold:   0          SH:  0    Dex: 14    Spells: 0 memorised, 3 levels left

rFire  . . .     SeeInvis .     u - +1 broad axe (freeze)
rCold  . . .     Gourm    .     r - +1 chain mail
rNeg   . . .     Faith    .     (no shield)
rPois  .         Spirit   .     c - +0 helmet
rElec  .         Dismiss  .     t - +0 cloak
rCorr  .         Reflect  .     (no gloves)
SustAt .         Harm     .     s - +0 pair of boots
MR     .....     NoTele   +     (no amulet)
Stlth  ..........               q - +3 ring of strength
                                p - +3 ring of intelligence

@: not resistant to hostile enchantments, extremely unstealthy
A: iridescent scales 2, rot immunity
a: Potion Petition, Call Merchant, Bribe Branch, Renounce Religion


You were in the Dungeon.
You worshipped Gozag.
Gozag was noncommittal.
You were not hungry.

You visited 1 branch

Inventory:

Hand Weapons
 u - a +1 broad axe of freezing (weapon)
 v - a +4 quarterstaff of protection
Missiles
 d - 3 throwing nets (quivered)
Armour
 b - a +0 leather armour
 c - a +0 helmet (worn)
 r - a +1 chain mail (worn)
 s - a +0 pair of boots (worn)
 t - a +0 cloak (worn)
Jewellery
 p - a +3 ring of intelligence (left hand)
 q - a +3 ring of strength (right hand)
Wands
 o - a wand of lightning (7/15)
Scrolls
 k - 2 scrolls of blinking
 m - 3 scrolls of remove curse
 n - 2 scrolls of amnesia
Potions
 e - 5 potions of curing
 g - 3 potions of heal wounds
 h - a potion of haste
 i - 4 potions of magic
 j - a potion of berserk rage
 l - a potion of invisibility
Comestibles
 f - a bread ration


   Skills:
 + Level 3.7 Fighting
 + Level 5.5 Axes
 + Level 2.9 Throwing
 + Level 0.5 Armour
 + Level 5.6 Dodging


You had 3 spell levels left.
You didn't know any spells.

Dungeon Overview and Level Annotations

Branches:
Dungeon (1/1)

Altars:
Cheibriados
Dithmenos
Elyvilon
Fedhas
Gozag
Hepliaklqana
Kikubaaqudgha
Makhleb
Nemelex Xobeh
Okawaru
Pakellas
Qazlal
Ru
Sif Muna
Trog
Uskayaw
Vehumet
Xom
Yredelemnul
Zin
The Shining One
Beogh
Jiyva
Lugonu


Innate Abilities, Weirdness & Mutations

You are mostly covered in iridescent scales. (AC +6)
You are immune to rotting.


Message History

The sky beast hits you but does no damage.
You slice the hill giant!! You freeze the hill giant.
The hill giant is moderately wounded.
The hill giant hits you but does no damage.
You slash the hill giant! You freeze the hill giant.
The hill giant is heavily wounded.
The orc wizard casts a spell.
The orc wizard flickers and vanishes!
Deactivating autopickup; reactivate with Ctrl-A.
The hill giant hits you but does no damage.
The sky beast flickers out of sight!
You slash the hill giant! You freeze the hill giant.
The hill giant is severely wounded.
The hill giant hits you but does no damage.
Your chain mail prevents you from hitting the hill giant.
The hill giant is severely wounded.
The hill giant hits you with a giant spiked club!!
Ouch! That really hurt!
You die...
Your body crumbles into a pile of gold. ▓▓▓▓▓▓▓▓▓▓▓▓▓▓▓▓▓▓▓▓▓▓▓▓ ______'..|))....@C{{oc.+ ▓▓▓▓▓▓▓▓▓▓▓▓▓▓▓▓▓▓▓▓▓▓▓▓ $$$$$ $$$$$ $ $ $ $$$$$

You could see a hill giant, a centaur and an orc.

Vanquished Creatures
  A howler monkey (D)
  A crimson imp (D)
  An adder (D)
  A dart slug (D)
  A giant gecko (D)
  A bat zombie (D)
  A goblin (D)
  A jackal (D)
  A ball python zombie (D)
  2 giant newts (D)
11 creatures vanquished.

Notes
Turn   | Place    | Note
-------+----------+-------------------------------------------
     0 | D        | LORDOFBUTT the Demonspawn Gladiator began the quest for the Orb.
     0 | D        | Reached XP level 1. HP: 16/16 MP: 1/1
   126 | D        | Noticed a crimson imp
   126 | D        | Noticed a howler monkey
   129 | D        | Gained mutation: You are partially covered in iridescent scales. (AC +4) [demonic ancestry]
   129 | D        | Reached XP level 2. HP: 22/23 MP: 2/2
   149 | D        | Killed a crimson imp
   149 | D        | Gained mutation: You are immune to rotting. [demonic ancestry]
   149 | D        | Reached XP level 3. HP: 23/29 MP: 3/3
   154 | D        | Reached skill level 5 in Axes
   154 | D        | Reached skill level 5 in Dodging
   154 | D        | Gained mutation: You are mostly covered in iridescent scales. (AC +6) [demonic ancestry]
   154 | D        | Reached XP level 4. HP: 30/37 MP: 4/4
   211 | D        | Found a glowing silver altar of Zin.
   211 | D        | Found a glowing golden altar of the Shining One.
   211 | D        | Found an ancient bone altar of Kikubaaqudgha.
   211 | D        | Found a basalt altar of Yredelemnul.
   211 | D        | Found a shimmering altar of Xom.
   211 | D        | Found a radiant altar of Vehumet.
   212 | D        | Found an iron altar of Okawaru.
   213 | D        | Found a burning altar of Makhleb.
   214 | D        | Found a deep blue altar of Sif Muna.
   215 | D        | Found a bloodstained altar of Trog.
   216 | D        | Found a sparkling altar of Nemelex Xobeh.
   217 | D        | Found a white marble altar of Elyvilon.
   218 | D        | Found a roughly hewn altar of Beogh.
   219 | D        | Found a viscous altar of Jiyva.
   220 | D        | Found a corrupted altar of Lugonu.
   221 | D        | Found a blossoming altar of Fedhas.
   222 | D        | Found a snail-covered altar of Cheibriados.
   223 | D        | Found a shadowy altar of Dithmenos.
   224 | D        | Found a stormy altar of Qazlal.
   225 | D        | Found an opulent altar of Gozag.
   226 | D        | Found a sacrificial altar of Ru.
   227 | D        | Found an oddly glowing altar of Pakellas.
   228 | D        | Found a hide-covered altar of Uskayaw.
   229 | D        | Found a hazy altar of Hepliaklqana.
   233 | D        | Became a worshipper of Gozag Ym Sagoz the Greedy
   296 | D        | Noticed a sky beast
   296 | D        | Noticed a centaur
   296 | D        | Noticed a hill giant
   310 | D        | Slain by a hill giant

Vault maps used:
D:        linesprint

Skill      XL: |  1  2  3 |
---------------+----------+-----
Axes           | 3 4 5 |  5.5
Throwing       | 2 |  2.9
Dodging        | 3 4 5 |  5.6
Fighting       | 3 |  3.7
Armour         | |  0.5

Action                   |  1- 3 |  4- 6 || total
-------------------------+-------+-------++-------
Melee: War axe           |    44 |     1 ||    45
       Broad axe         |       |    13 ||    13
Armor: Leather armour    |    18 |       ||    18
       Chain mail        |       |     7 ||     7
Dodge: Dodged            |    32 |     6 ||    38
